 Dungeon Crawl Stone Soup version 0.31-a0-1626-g5cb510d (webtiles) character file.

Game seed: 11217358547892671907

57 danspanner the Conjurer (level 4, -8/27 HPs)
             Began as an Octopode Conjurer on Jan 12, 2024.
             Killed by nerve-wracking pain
             ... invoked by Jessica
              (11 damage)
             ... on level 2 of the Dungeon.
             The game lasted 00:03:16 (1778 turns).

danspanner the Conjurer (Octopode Conjurer)         Turns: 1778, Time: 00:03:16

Health: -8/27      AC:  1    Str:  6    XL:     4   Next: 0%
Magic:  1/7        EV: 13    Int: 22    God:
Gold:   75         SH:  0    Dex: 10    Spells: 5/8 levels left

rFire   + . .        e - +0 short sword
rCold   x . .        (no shield)
rNeg    . . .        (helmet restricted)
rPois   .            (no amulet)
rElec   .            f - ring of fire
rCorr   .            (no ring)
SInv    .            (no ring)
Will    .....        (no ring)
Stlth   +++          (no ring)
HPRegen 0.24/turn    (no ring)
MPRegen 0.10/turn    (no ring)
                     (no ring)

%: no passive effects
@: no status effects
A: almost no armour, amphibious, 8 rings, camouflage 1, gelatinous body 1,
(nimble swimmer 1), tentacles
a: no special abilities


You were on level 2 of the Dungeon.
You visited 1 branch of the dungeon, and saw 2 of its levels.

You collected 75 gold pieces.

Inventory:

Hand Weapons
 e - a +0 short sword (weapon)
Jewellery
 f - a ring of fire (left tentacle)
Potions
 a - a potion of magic
 b - 2 potions of enlightenment
 c - a potion of mutation {unknown}
 d - 2 potions of might
 g - 3 potions of degeneration {unknown}


   Skills:
 + Level 2.6 Dodging
 + Level 3.6 Stealth
 + Level 2.5 Spellcasting
 + Level 4.4 Conjurations


You had 5 spell levels left.
You knew the following spells:

 Your Spells              Type           Power      Damage    Failure   Level
a - Magic Dart            Conj           88%        1d7       2%          1
b - Searing Ray           Conj           44%        2d6       3%          2

Your spell library contained the following spells:

 Spells                   Type           Power      Damage    Failure   Level
 Hailstorm                Conj/Ice       12%        3d6       16%         3
 Summon Ice Beast         Ice/Summ       2%         N/A       36%         3
 Fulminant Prism          Conj/Alch      6%         3d7       45%         4
 Iskenderun's Mystic Bla  Conj/Tloc      12%        2d5       45%         4
 Sculpt Simulacrum        Ice/Alch       1%         N/A       100%        6


Dungeon Overview and Level Annotations

Branches:
Dungeon (2/15)

Altars:

Annotations:
D:2 Jessica


Innate Abilities, Weirdness & Mutations

You cannot wear most types of armour.
You are amphibious.
You can wear up to eight rings at the same time.
Your skin changes colour to match your surroundings (Stealth+).
Your rubbery body absorbs attacks. (AC +1, EV +1)
((You are camouflaged when in or above water. (Stealth+)))
You have tentacles for arms and can constrict up to eight enemies at once.


Message History

You constrict the adder. The adder closely misses you.
You hit the adder. You squeeze the adder.
You kill the adder!
HP restored.
You now have 62 gold pieces (gained 11).
You now have 75 gold pieces (gained 13).
Found an escape hatch in the floor.
Found a rapier.
Jessica the Apprentice Sorceress comes into view.
She is wielding a +2 spectral club.
A hobgoblin comes into view.
The hobgoblin shouts!
Casting: Searing Ray (safe; 3% risk of failure)
Confirm with . or Enter, or press ? or * to list all spells.
Aiming: Searing Ray (safe; 3% risk of failure)
Press: ? - help, Shift-Dir - straight line, f - hobgoblin
Aim: a hobgoblin (78% to hit)
The searing ray hits the hobgoblin!
You kill the hobgoblin!
The searing ray misses Jessica. (Press . to maintain the ray.)
You have reached level 4!
The searing ray hits Jessica.
Jessica is moderately wounded.
Jessica barely misses you.
The +2 spectral club closely misses you.
A +2 spectral club comes into view.
The searing ray hits Jessica.
Jessica is heavily wounded.
The +2 spectral club hits you.
Jessica hits you with a +2 spectral club.
The +2 spectral club hits you. The +2 spectral club hits you!
* * * LOW HITPOINT WARNING * * *
The searing ray hits Jessica.
Jessica is almost dead.
You finish channelling your searing ray.
The +2 spectral club hits you.
* * * LOW HITPOINT WARNING * * *
Jessica points at you and mumbles some strange words.
Pain shoots through your body!
You die...

###.###,......#..#*,#
#...# #.......##.#*,*
#.### #.......#*.#*,*
#.#####........,..,,*
#.............#*...**
#..####.....,,****,*
#..###*...,,,,* *,*
#....##@#****** *,*
#.....@(# *,*
#..#.#..#*********,*
#..>....#,*,,,,,,,,*
#.##)....#,,********
#.*###.##.#**
#.,,,..#*## ##***###


You could see a +2 spectral club and Jessica.

Vanquished Creatures
  2 adders (D:2)
  2 dart slugs (D:1)
  A ribbon worm (D:2)
  3 ball pythons
  3 endoplasms
  4 hobgoblins
  3 jackals (D:1)
  4 kobolds (D:1)
  3 quokkas
  2 bats (D:2)
  4 frilled lizards
  2 rats (D:2)
33 creatures vanquished.

Notes
Turn   | Place    | Note
-------+----------+-------------------------------------------
     0 | D:1      | danspanner the Octopode Conjurer began the quest for the
                  | Orb.
     0 | D:1      | Reached XP level 1. HP: 11/11 MP: 3/3
   204 | D:1      | Reached XP level 2. HP: 17/17 MP: 0/5
   264 | D:1      | Learned a level 2 spell: Searing Ray
   313 | D:1      | Found a faded altar of an unknown god.
  1051 | D:1      | Reached XP level 3. HP: 21/21 MP: 6/6
  1773 | D:2      | Noticed Jessica
  1776 | D:2      | Reached XP level 4. HP: 27/27 MP: 4/7
  1778 | D:2      | Killed from afar by Jessica

Illustrated notes

Levels and vault maps discovered:
D:1:      amcnicky_arrival_underground_garden, layout_basic,
          dreamdust_ecumenical_altar_angels_and_demons
D:2:      layout_loops_cross, uniq_jessica

Skill      XL: |  1 |
---------------+----+-----
Stealth        | 3 |  3.6
Dodging        | |  2.6
Spellcasting   | |  2.5
Conjurations   | |  4.4

Action                     |  1- 3 |  4- 6 || total
---------------------------+-------+-------++-------
  Melee: Unarmed           |     9 |       ||     9
         Constrict         |     4 |       ||     4
         Short sword       |    12 |       ||    12
         Tentacles         |     2 |       ||     2
   Cast: Magic Dart        |    13 |       ||    13
         Searing Ray       |    17 |       ||    17
    Use: Scroll            |     4 |       ||     4
   Stab: Sleeping          |     5 |       ||     5
 Armour: Skin              |    12 |     5 ||    17
  Dodge: Dodged            |    17 |     2 ||    19

Table legend: (Time is in decaauts)
 A = Elapsed time spent in this place.
 B = Non-inter-level travel time spent in this place.
 C = Inter-level travel time spent in this place.
 D = Time resting spent in this place.
 E = Time spent auto-exploring this place.
 F = Levels seen in this place.
 G = Mean time per level.
                   A        B        C        D        E       F      G
               +--------+--------+--------+--------+--------+-----+--------+
         Total |   1776 |   1738 |     38 |      0 |   1513 |   2 |  888.0 |
       Dungeon |   1776 |   1738 |     38 |      0 |   1513 |   2 |  888.0 |
               +--------+--------+--------+--------+--------+-----+--------+

Top non-repeatable levels by time:
     D:1: 1124 daAuts
     D:2: 652 daAuts
